Map: Proxima Station LE

Players

Musumeci

  • Race: Zerg Zerg
  • League: Diamond
  • Spawn Location: 7:00

llllllllllll - Winner!

  • Race: Zerg Zerg
  • League: Diamond
  • Spawn Location: 1:00

VOD

Have the link to the VOD?

Description

Time

  • Played on: March 12, 2017, 8:24 a.m.
  • Length: 11:54
Show
View Real Time Build Order
Export as new Build Order

Musumeci Zerg 

Build Orders: Pool First 

Get SALT Encoding   

  12  0:01  Drone  
  13  0:08  Drone  
  14  0:20  Extractor, Overlord  
  13  0:26  Drone  
  15  0:40  Drone  
  15  0:41  Drone  
  17  0:50  Drone  
  17  0:53  Spawning Pool  
  17  0:55  Extractor  
  16  0:57  Drone  
  17  1:22  Hatchery  
  16  1:34  Drone x2  
  16  1:35  Drone  
  19  1:47  Queen  
  21  1:56  Metabolic Boost  
  21  2:02  Zergling x2  
  22  2:16  Baneling Nest  
  22  2:17  Zergling x2  
  22  2:33  Queen  
  24  2:40  Drone x4  
  28  3:01  Overlord  
  28  3:09  Overlord  
  27  3:29  Zergling x14  
  34  3:37  Drone  
  34  3:58  Drone x3  
  34  3:59  Drone x2  
  34  4:02  Drone  
  40  4:11  Baneling x2  
  40  4:12  Hatchery  
  37  4:30  Baneling  
  37  4:31  Baneling  
  33  4:54  Zergling x16  
  40  5:00  Drone  
  40  5:01  Drone x3  
  40  5:03  Roach Warren  
  43  5:13  Drone  
  44  5:14  Extractor  
  44  5:18  Overlord x2  
  44  5:19  Overlord  
  43  5:25  Drone x2  
  45  5:39  Baneling x2  
  45  5:45  Queen  
  47  5:50  Baneling  
  47  5:51  Baneling  
  40  6:23  Zergling x26  
  52  6:31  Overlord x2  
  52  6:34  Lair  
  52  6:35  Drone x2  
  52  6:36  Extractor  
  53  6:40  Drone  
  54  6:47  Drone x2  
  54  6:52  Evolution Chamber  
  55  6:56  Overlord  
  55  6:58  Baneling x2  
  55  7:06  Baneling x2  
  54  7:28  Baneling x3  
  53  7:30  Baneling x2  
  53  7:31  Baneling  
  46  7:46  Baneling  
  46  7:47  Baneling x2  
  46  7:55  Zergling x36  
  60  8:18  Zerg Ground Armor Level 1  
  60  8:29  Spore Crawler x2  
  60  8:31  Spore Crawler  
  60  8:33  Spore Crawler x2  
  53  8:34  Spore Crawler  
  53  8:37  Zergling x2  
  53  8:38  Zergling x30  
  55  8:43  Queen x2, Spore Crawler  
  55  8:44  Queen  
  60  8:55  Spore Crawler  
  59  8:58  Overlord  
  59  9:01  Overlord x2  
  59  9:12  Drone x3  
  59  9:14  Zergling x2  
  59  9:15  Zergling x16  
  67  9:27  Baneling x4  
  62  9:42  Zergling x16  
  62  9:43  Zergling x4  
  53  10:01  Zergling x8  
  53  10:02  Zergling x10  
  53  10:05  Drone  
  63  10:12  Baneling x3  
  60  10:17  Zergling x2  
  60  10:18  Zergling x4  
  59  10:24  Drone x3, Spire  
  59  10:27  Extractor  
  47  10:46  Zergling x16  
  51  10:57  Zergling x2  
  51  10:58  Zergling x6  
  55  11:08  Hatchery  
  53  11:17  Zergling x10  
  58  11:50  Infestation Pit  
Show
View Real Time Build Order
Export as new Build Order

llllllllllll Zerg - Winner!

Build Orders: Hatch First 

Get SALT Encoding   

  12  0:01  Drone  
  13  0:13  Overlord  
  13  0:17  Drone  
  14  0:32  Drone x2  
  16  0:36  Drone  
  17  0:54  Hatchery  
  17  0:55  Drone  
  17  0:59  Drone  
  17  1:01  Extractor  
  17  1:16  Spawning Pool  
  16  1:18  Drone  
  16  1:21  Drone  
  18  1:29  Drone  
  19  1:40  Overlord  
  19  2:04  Queen  
  19  2:06  Metabolic Boost, Zergling x4  
  19  2:08  Queen  
  23  2:14  Drone x2  
  27  2:23  Drone x2  
  29  2:33  Drone  
  30  2:37  Baneling Nest  
  30  2:41  Drone x2  
  31  2:52  Drone x2  
  33  3:02  Hatchery  
  33  3:03  Drone x2  
  34  3:11  Overlord x2  
  33  3:23  Zergling x6  
  35  3:28  Zergling x2  
  35  3:33  Zergling x2  
  35  3:34  Zergling x4  
  40  3:48  Zergling x6  
  40  3:54  Drone  
  43  3:56  Drone  
  43  3:59  Zergling x6  
  43  4:00  Zergling x4  
  43  4:01  Baneling x3  
  43  4:02  Baneling  
  49  4:04  Extractor  
  49  4:06  Extractor  
  47  4:10  Zergling x4  
  47  4:16  Overlord  
  47  4:17  Overlord  
  45  4:52  Drone  
  45  4:53  Drone x6  
  45  4:55  Queen  
  45  4:58  Zergling x2  
  44  5:00  Lair  
  44  5:02  Drone x3  
  44  5:03  Queen  
  44  5:06  Drone x2  
  51  5:19  Drone  
  51  5:20  Drone x3  
  55  5:35  Overlord x2  
  55  5:40  Zergling x2  
  55  5:41  Zergling x8  
  60  5:52  Extractor  
  60  5:53  Drone x4  
  60  5:54  Drone  
  64  6:06  Overlord x2  
  49  6:34  Spire  
  49  6:36  Zergling x2  
  49  6:37  Zergling x10  
  49  6:39  Zergling x12  
  60  6:43  Baneling x4  
  60  6:44  Baneling x2  
  60  6:48  Drone  
  60  6:49  Extractor  
  60  6:50  Extractor  
  59  7:06  Drone  
  59  7:07  Drone x2  
  59  7:08  Drone x3  
  65  7:11  Drone x3  
  65  7:12  Drone  
  69  7:28  Baneling x5  
  64  7:39  Zergling x16  
  71  7:45  Mutalisk x4  
  71  7:46  Mutalisk x2  
  83  7:53  Drone x2  
  83  7:55  Zergling x2  
  73  8:11  Zergling x10  
  73  8:18  Drone x5  
  78  8:22  Mutalisk x4  
  78  8:26  Mutalisk  
  78  8:27  Mutalisk x2  
  92  8:38  Mutalisk x2  
  92  8:39  Mutalisk  
  97  8:52  Overlord x3  
  97  8:53  Overlord x2  
  97  8:59  Hatchery  
  97  9:01  Baneling x2  
  97  9:02  Baneling  
  96  9:05  Mutalisk  
  98  9:11  Mutalisk x4  
  106  9:23  Mutalisk x3  
  111  9:45  Mutalisk x5  
  110  9:48  Zergling x4  
  110  9:49  Zergling x10  
  127  9:54  Queen  
  118  10:01  Drone  
  118  10:02  Drone x3  
  122  10:07  Drone  
  122  10:08  Drone x3  
  126  10:24  Drone  
  126  10:25  Drone x8  
  135  10:33  Mutalisk  
  135  10:34  Mutalisk x2  
  141  10:38  Zergling x4  
  129  11:02  Mutalisk  
  129  11:03  Mutalisk x5  
  141  11:09  Zergling x4  
  139  11:19  Zergling x2  
  139  11:20  Zergling x6  
  139  11:22  Overlord x3  
  149  11:49  Extractor x2  
Tags
 
Add a new tag
Caveats
  • Supply blocks, unpowered buildings, or Contaminate may cause inaccurate times.
  • Supply counts are checked every 10 seconds.